NWL
COOS BAY-NORTH BEND BLUE SOXS @ WALLA WALLA WALLEYES
08/12/1982
 
TOP OF THE 1ST
Coos Bay-North Bend Blue Soxs batting - Pitching for Walla Walla Walleyes : RHP Jorge Espinoza
Pitching: RHP Jorge Espinoza
Batting: LHB Dwight Taylor 0-0: Ground out 1-3 (Groundball, P, EV 72.5 MPH)
Batting: LHB Craig Gerber 0-0: Ground out 5-3 (Groundball, 56S, EV 70.0 MPH)
Batting: RHB Brian Stemberger 0-0: Called Strike
0-1: Ball
1-1: Ball
2-1: Foul Ball, location: 2F
2-2: Ball
3-2: Fly out, F8 (Flyball, 8RM, EV 85.6 MPH)
Top of the 1st over - 0 runs, 0 hits, 0 errors, 0 left on base; Coos Bay-North Bend 0 - Walla Walla 0
BOTTOM OF THE 1ST
Walla Walla Walleyes batting - Pitching for Coos Bay-North Bend Blue Soxs : RHP Leo Rico
Pitching: RHP Leo Rico
Batting: SHB Damon Farmar 0-0: Ground out 5-3 (Groundball, 5, EV 86.3 MPH)
Batting: RHB Osbe Hoskins 0-0: Ground out 6-3 (Groundball, 6, EV 79.4 MPH)
Batting: RHB Curtis Burke 0-0: Ball
1-0: Called Strike
1-1: Ball
2-1: Ball
3-1: Base on Balls
Batting: SHB Mike A Brumley 0-0: Ball
1-0: Called Strike
1-1: Ball
2-1: Ball
3-1: Fly out, F8 (Line Drive, 8RM, EV 90.6 MPH)
Bottom of the 1st over - 0 runs, 0 hits, 0 errors, 1 left on base; Coos Bay-North Bend 0 - Walla Walla 0
TOP OF THE 2ND
Coos Bay-North Bend Blue Soxs batting - Pitching for Walla Walla Walleyes : RHP Jorge Espinoza
Batting: RHB Bob Gergen 0-0: Ball
1-0: Called Strike
1-1: Ball
2-1: Foul Ball, location: 2F
2-2: Fly out, F9 (Flyball, 9S, EV 86.3 MPH)
Batting: RHB Jim Felt 0-0: Ball
1-0: Foul Ball, location: 2F
1-1: Ground out 4-3 (Groundball, 4, EV 108.1 MPH)
Batting: SHB Donald Freeman 0-0: Ball
1-0: Ball
2-0: Foul Ball, location: 2F
2-1: Foul Ball, location: 2F
2-2: Foul Ball, location: 2F
2-2: Ground out 4-3 (Groundball, 4S, EV 88.8 MPH)
Top of the 2nd over - 0 runs, 0 hits, 0 errors, 0 left on base; Coos Bay-North Bend 0 - Walla Walla 0
BOTTOM OF THE 2ND
Walla Walla Walleyes batting - Pitching for Coos Bay-North Bend Blue Soxs : RHP Leo Rico
Batting: LHB Thomas Gertz 0-0: Ground out 4-3 (Groundball, 4, EV 105.0 MPH)
Batting: LHB Brian Hartsock 0-0: Swinging Strike
0-1: Ball
1-1: Foul Ball, location: 2F
1-2: Foul Ball, location: 2F
1-2: Ball
2-2: Strikes out looking
Batting: LHB Robert Cobb 0-0: Called Strike
0-1: DOUBLE (Groundball, 3L, EV 102.5 MPH)
Batting: SHB Leo Cardenas 0-0: Called Strike
0-1: Foul Ball, location: 2F
0-2: Ball
1-2: Strikes out swinging
Bottom of the 2nd over - 0 runs, 1 hit, 0 errors, 1 left on base; Coos Bay-North Bend 0 - Walla Walla 0
TOP OF THE 3RD
Coos Bay-North Bend Blue Soxs batting - Pitching for Walla Walla Walleyes : RHP Jorge Espinoza
Batting: LHB Ronald Cardieri 0-0: Called Strike
0-1: Ball
1-1: Ball
2-1: Ground out 5-3 (Groundball, 56, EV 103.1 MPH)
Batting: RHB Mark Miller 0-0: Ground out U3 (Groundball, 34, EV 76.3 MPH)
Batting: RHB Henry Noble 0-0: Called Strike
0-1: Ball
1-1: Reached on error, E5 (Groundball, 56, EV 77.5 MPH)
Batting: LHB Dwight Taylor 0-0: Called Strike
0-1: Ball
1-1: Ball
2-1: Foul Ball, location: 2F
2-2: SINGLE (Groundball, 6M, EV 103.1 MPH)
Henry Noble to second
Batting: LHB Craig Gerber 0-0: Ball
Wild Pitch!
Henry Noble to third
Dwight Taylor to second
1-0: Ground out 6-3 (Groundball, 6M, EV 109.4 MPH)
Top of the 3rd over - 0 runs, 1 hit, 1 error, 2 left on base; Coos Bay-North Bend 0 - Walla Walla 0
BOTTOM OF THE 3RD
Walla Walla Walleyes batting - Pitching for Coos Bay-North Bend Blue Soxs : RHP Leo Rico
Batting: RHB Mitch Lyden 0-0: Called Strike
0-1: Fly out, F9 (Line Drive, 9, EV 97.5 MPH)
Batting: SHB Damon Farmar 0-0: Fly out, F8 (Line Drive, 8RM, EV 102.5 MPH)
Batting: RHB Osbe Hoskins 0-0: Ball
1-0: Foul Ball, location: 2F
1-1: Foul Ball, location: 2F
1-2: SINGLE (Line Drive, 89S, EV 108.8 MPH)
Batting: RHB Curtis Burke 0-0: Ball
1-0: Called Strike
Osbe Hoskins steals 2nd base
1-1: Swinging Strike
1-2: Ball
2-2: Strikes out looking
Bottom of the 3rd over - 0 runs, 1 hit, 0 errors, 1 left on base; Coos Bay-North Bend 0 - Walla Walla 0
TOP OF THE 4TH
Coos Bay-North Bend Blue Soxs batting - Pitching for Walla Walla Walleyes : RHP Jorge Espinoza
Batting: RHB Brian Stemberger 0-0: Fly out, F7 (Flyball, 7S, EV 85.0 MPH)
Batting: RHB Bob Gergen 0-0: Ball
1-0: Called Strike
1-1: Ball
2-1: Ball
3-1: Base on Balls
Batting: RHB Jim Felt 0-0: Called Strike
0-1: Swinging Strike
0-2: Foul Ball, location: 2F
0-2: Ball
1-2: Strikes out swinging
Batting: SHB Donald Freeman 0-0: Ball
1-0: Called Strike
1-1: Foul Ball, location: 2F
1-2: Strikes out swinging
Top of the 4th over - 0 runs, 0 hits, 0 errors, 1 left on base; Coos Bay-North Bend 0 - Walla Walla 0
BOTTOM OF THE 4TH
Walla Walla Walleyes batting - Pitching for Coos Bay-North Bend Blue Soxs : RHP Leo Rico
Batting: SHB Mike A Brumley 0-0: Called Strike
0-1: Foul Ball, location: 2F
0-2: Ball
1-2: Fly out, F8 (Flyball, 89M, EV 87.5 MPH)
Batting: LHB Thomas Gertz 0-0: Called Strike
0-1: Fly out, F6 (Popup, 6M, EV 68.1 MPH)
Batting: LHB Brian Hartsock 0-0: SINGLE (Groundball, 4MS, EV 70.6 MPH) (infield hit)
Batting: LHB Robert Cobb 0-0: Called Strike
0-1: SINGLE (Line Drive, 89S, EV 91.3 MPH)
Brian Hartsock to second
Runner from 2nd tries for 3rd, SAFE, throw by RF made to third
Batting: SHB Leo Cardenas 0-0: Foul Ball, location: 2F
0-1: Ball
1-1: DOUBLE (Flyball, 8LXD, EV 96.9 MPH)
Brian Hartsock scores
Robert Cobb to third
Runner from 3rd tries for Home, SAFE, throw by CF to home
Batting: RHB Mitch Lyden 0-0: Ball
1-0: Ball
2-0: Ball
3-0: Called Strike
3-1: Fly out, F8 (Flyball, 8LM, EV 83.8 MPH)
Bottom of the 4th over - 2 runs, 3 hits, 0 errors, 1 left on base; Coos Bay-North Bend 0 - Walla Walla 2
TOP OF THE 5TH
Coos Bay-North Bend Blue Soxs batting - Pitching for Walla Walla Walleyes : RHP Jorge Espinoza
Batting: LHB Ronald Cardieri 0-0: Called Strike
0-1: Ball
1-1: Called Strike
1-2: Foul Ball, location: 2F
1-2: SINGLE (Groundball, 34D, EV 101.9 MPH)
Batting: RHB Mark Miller 0-0: Foul Ball, location: 2F
0-1: Foul Ball, location: 2F
0-2: Fielders Choice at 2nd, 4-6 (Groundball, 4M, EV 82.5 MPH)
Batting: RHB Henry Noble 0-0: Ball
1-0: Called Strike
1-1: Ball
2-1: Called Strike
2-2: Ball
3-2: Base on Balls
Mark Miller to second
Batting: LHB Dwight Taylor 0-0: Fly out, F5 (Popup, 5F, EV 76.9 MPH)
Batting: LHB Craig Gerber 0-0: Hit by Pitch
Mark Miller to third
Henry Noble to second
Batting: RHB Brian Stemberger 0-0: Called Strike
0-1: Swinging Strike
0-2: Foul Ball, location: 2F
0-2: Ball
1-2: Fly out, F8 (Line Drive, 8LM, EV 97.5 MPH)
Top of the 5th over - 0 runs, 1 hit, 0 errors, 3 left on base; Coos Bay-North Bend 0 - Walla Walla 2
BOTTOM OF THE 5TH
Walla Walla Walleyes batting - Pitching for Coos Bay-North Bend Blue Soxs : RHP Leo Rico
Batting: SHB Damon Farmar 0-0: Fly out, F8 (Flyball, 8RS, EV 78.8 MPH)
Batting: RHB Osbe Hoskins 0-0: Ground out U3 (Groundball, 34S, EV 81.3 MPH)
Batting: RHB Curtis Burke 0-0: Ground out 6-3 (Groundball, 6, EV 83.8 MPH)
Bottom of the 5th over - 0 runs, 0 hits, 0 errors, 0 left on base; Coos Bay-North Bend 0 - Walla Walla 2
TOP OF THE 6TH
Coos Bay-North Bend Blue Soxs batting - Pitching for Walla Walla Walleyes : RHP Jorge Espinoza
Batting: RHB Bob Gergen 0-0: Ball
1-0: Swinging Strike
1-1: Ball
2-1: Ball
3-1: Ground out 5-3 (Groundball, 56S, EV 88.1 MPH)
Batting: RHB Jim Felt 0-0: Swinging Strike
0-1: SINGLE (Groundball, 4MD, EV 102.5 MPH)
Batting: SHB Donald Freeman 0-0: Fly out, F8 (Flyball, 8LS, EV 92.5 MPH)
Batting: LHB Ronald Cardieri 0-0: Ball
Jim Felt is caught stealing 2nd base 2-6
Top of the 6th over - 0 runs, 1 hit, 0 errors, 0 left on base; Coos Bay-North Bend 0 - Walla Walla 2
BOTTOM OF THE 6TH
Walla Walla Walleyes batting - Pitching for Coos Bay-North Bend Blue Soxs : RHP Leo Rico
Batting: SHB Mike A Brumley 0-0: Foul Ball, location: 2F
0-1: Ball
1-1: Ball
2-1: Called Strike
2-2: Ball
3-2: Foul Ball, location: 2F
3-2: Strikes out swinging
Batting: LHB Thomas Gertz 0-0: Ball
1-0: Ground out 4-3 (Groundball, 34, EV 82.5 MPH)
Batting: LHB Brian Hartsock 0-0: DOUBLE (Line Drive, 89D, EV 101.3 MPH)
Batting: LHB Robert Cobb 0-0: Ball
1-0: Called Strike
1-1: Foul Ball, location: 2F
1-2: Foul Ball, location: 2F
1-2: Ball
2-2: Ball
3-2: SINGLE (Line Drive, 8LS, EV 101.3 MPH)
Brian Hartsock to third
Brian Hartsock scores
Batting: SHB Leo Cardenas 0-0: Foul Ball, location: 2F
0-1: Fly out, F1 (Line Drive, P, EV 66.9 MPH)
Bottom of the 6th over - 1 run, 2 hits, 0 errors, 1 left on base; Coos Bay-North Bend 0 - Walla Walla 3
TOP OF THE 7TH
Coos Bay-North Bend Blue Soxs batting - Pitching for Walla Walla Walleyes : RHP Jorge Espinoza
Batting: LHB Ronald Cardieri 0-0: Ball
1-0: Fly out, F7 (Flyball, 78M, EV 83.1 MPH)
Batting: RHB Mark Miller 0-0: Ground out 5-3 (Groundball, 56S, EV 86.9 MPH)
Batting: RHB Henry Noble 0-0: Ball
1-0: Ball
2-0: Called Strike
2-1: Fly out, F9 (Flyball, 9, EV 83.8 MPH)
Top of the 7th over - 0 runs, 0 hits, 0 errors, 0 left on base; Coos Bay-North Bend 0 - Walla Walla 3
BOTTOM OF THE 7TH
Walla Walla Walleyes batting - Pitching for Coos Bay-North Bend Blue Soxs : RHP Leo Rico
Batting: RHB Mitch Lyden 0-0: Ball
1-0: Called Strike
1-1: Fly out, F9 (Line Drive, 9, EV 96.9 MPH)
Batting: SHB Damon Farmar 0-0: Called Strike
0-1: Ball
1-1: Foul Ball, location: 2F
1-2: Ground out U3 (Groundball, 3L, EV 108.8 MPH)
Batting: RHB Osbe Hoskins 0-0: Called Strike
0-1: Ground out 5-3 (Groundball, 56S, EV 88.8 MPH)
Bottom of the 7th over - 0 runs, 0 hits, 0 errors, 0 left on base; Coos Bay-North Bend 0 - Walla Walla 3
TOP OF THE 8TH
Coos Bay-North Bend Blue Soxs batting - Pitching for Walla Walla Walleyes : RHP Jorge Espinoza
Batting: LHB Dwight Taylor 0-0: Called Strike
0-1: Foul Ball, location: 2F
0-2: Ball
1-2: Ball
2-2: Foul Ball, location: 2F
2-2: Foul Ball, location: 2F
2-2: Foul Ball, location: 2F
2-2: Ground out U3 (Groundball, 3, EV 87.5 MPH)
Batting: LHB Craig Gerber 0-0: Called Strike
0-1: Foul Ball, location: 2F
0-2: Ball
1-2: Ground out 1-3 (Groundball, 15, EV 65.0 MPH)
Batting: RHB Brian Stemberger 0-0: Ground out 5-3 (Groundball, 56, EV 106.3 MPH)
Top of the 8th over - 0 runs, 0 hits, 0 errors, 0 left on base; Coos Bay-North Bend 0 - Walla Walla 3
BOTTOM OF THE 8TH
Walla Walla Walleyes batting - Pitching for Coos Bay-North Bend Blue Soxs : RHP Leo Rico
Batting: RHB Curtis Burke 0-0: Ball
1-0: Ball
2-0: Called Strike
2-1: Swinging Strike
2-2: Ball
3-2: SOLO HOME RUN (Flyball, 7LD, EV 109.4 MPH), Distance : 364 ft
Batting: SHB Mike A Brumley 0-0: Swinging Strike
0-1: Swinging Strike
0-2: Ball
1-2: Fly out, F5 (Popup, 5SF, EV 74.4 MPH)
Batting: LHB Thomas Gertz 0-0: Ball
1-0: Foul Ball, location: 2F
1-1: Swinging Strike
1-2: Strikes out swinging
Batting: LHB Brian Hartsock 0-0: Ball
1-0: Swinging Strike
1-1: Swinging Strike
1-2: Foul Ball, location: 2F
1-2: Ground out 6-3 (Groundball, 6, EV 83.1 MPH)
Bottom of the 8th over - 1 run, 1 hit, 0 errors, 0 left on base; Coos Bay-North Bend 0 - Walla Walla 4
TOP OF THE 9TH
Coos Bay-North Bend Blue Soxs batting - Pitching for Walla Walla Walleyes : RHP Jorge Espinoza
Batting: RHB Bob Gergen 0-0: Ground out 4-3 (Groundball, 4, EV 102.5 MPH)
Batting: RHB Jim Felt 0-0: Called Strike
0-1: Swinging Strike
0-2: Strikes out swinging
Batting: SHB Donald Freeman 0-0: Called Strike
0-1: Ball
1-1: Ball
2-1: Foul Ball, location: 2F
2-2: Ball
3-2: Foul Ball, location: 2F
3-2: Foul Ball, location: 2F
3-2: Base on Balls
Batting: LHB Ronald Cardieri 0-0: Swinging Strike
0-1: Foul Ball, location: 2F
0-2: Ball
1-2: Strikes out looking
Top of the 9th over - 0 runs, 0 hits, 0 errors, 1 left on base; Coos Bay-North Bend 0 - Walla Walla 4
Friday, August 21st, 2020 - OOTP Baseball 21.5 Build 76